Map: Ley Lines

Players

GangusKaun - Winner!

  • Race: Protoss Protoss
  • League: Gold
  • Spawn Location: 1:00

WangChijeu

  • Race: Zerg Zerg
  • League: Diamond
  • Spawn Location: 7:00

VOD

Have the link to the VOD?

Description

Time

  • Played on: Dec. 10, 2024, 4:48 a.m.
  • Length: 14:47
Show
View Real Time Build Order
Export as new Build Order

GangusKaun Protoss - Winner!

Build Orders:  

Get SALT Encoding   

  12  0:00  Probe  
  13  0:12  Probe  
  14  0:17  Pylon  
  14  0:24  Probe  
  15  0:37  Probe  
  15  0:40  Gateway  
  16  0:49  Probe  
  17  0:51  Assimilator  
  17  1:13  Probe  
  18  1:25  Probe  
  18  1:28  Cybernetics Core  
  19  1:33  Gateway  
  19  1:39  Pylon  
  19  1:40  Probe  
  20  1:52  Probe  
  18  2:05  Adept  
  17  2:13  Warp Gate  
  13  2:29  Adept  
  11  2:44  Adept  
  10  3:39  Probe  
  9  3:52  Probe  
  10  4:04  Probe  
  9  4:26  Probe  
  10  4:34  Probe  
  10  4:45  Stalker  
  13  5:01  Probe  
  14  5:13  Probe  
  11  5:31  Zealot  
  11  5:44  Zealot  
  11  5:47  Probe  
  13  5:55  Probe  
  15  6:05  Probe  
  15  6:08  Shield Battery  
  16  6:16  Probe  
  17  6:24  Probe  
  18  6:35  Stalker  
  20  6:55  Adept  
  22  7:05  Probe  
  23  7:11  Pylon  
  23  7:29  Probe  
  24  7:41  Probe, Adept  
  27  7:53  Probe  
  24  8:20  Adept x2  
  28  8:33  Probe  
  29  8:39  Stargate  
  29  8:43  Gateway  
  29  8:45  Probe  
  30  8:48  Gateway  
  30  8:54  Pylon  
  30  8:55  Assimilator  
  30  8:57  Probe  
  31  9:08  Probe  
  31  9:15  Stalker x2  
  36  9:30  Probe  
  37  9:39  Pylon  
  37  9:42  Shield Battery  
  37  9:57  Nexus, Oracle  
  40  10:00  Pylon  
  40  10:09  Stalker  
  40  10:11  Zealot  
  40  10:14  Sentry  
  46  10:21  Probe  
  47  10:33  Probe  
  48  10:46  Probe  
  49  10:58  Probe  
  48  11:27  Oracle  
  51  11:41  Probe  
  52  11:49  Twilight Council  
  52  11:50  Forge  
  52  11:53  Probe  
  53  11:54  Pylon  
  53  11:59  Pylon  
  53  12:07  Probe  
  54  12:08  Probe  
  54  12:11  Assimilator  
  55  12:20  Probe  
  55  12:21  Probe  
  57  12:30  Pylon  
  57  12:35  Pylon  
  57  12:57  Stalker x4  
  65  13:08  Robotics Facility  
  62  13:43  Phoenix  
  64  13:49  Immortal  
  64  14:01  Shield Battery  
  68  14:02  Photon Cannon  
  68  14:16  Zealot x4  
  76  14:18  Probe x2  
  76  14:23  Assimilator  
  78  14:25  Templar Archives  
  78  14:27  Shield Battery  
Show
View Real Time Build Order
Export as new Build Order

WangChijeu Zerg 

Build Orders: Pool First 

Get SALT Encoding   

  12  0:19  Spawning Pool  
  11  1:05  Zergling x4  
  11  1:06  Zergling x2  
  14  1:33  Spine Crawler  
  13  1:45  Zergling x2  
  14  1:52  Spine Crawler  
  9  2:12  Zergling x2  
  9  2:13  Zergling x4  
  12  2:31  Zergling x2  
  12  2:42  Zergling x2  
  10  2:52  Zergling x2  
  11  3:02  Zergling x2  
  7  3:26  Drone x2  
  9  3:37  Zergling x2  
  10  3:44  Drone  
  11  3:52  Zergling x2  
  12  4:01  Zergling x2  
  11  4:27  Zergling x4  
  12  4:33  Drone  
  13  4:47  Overlord  
  10  5:24  Zergling x6  
  11  5:36  Zergling x2  
  12  5:57  Zergling x2  
  12  5:58  Zergling x2  
  14  6:08  Zergling x2  
  13  6:48  Zergling x6  
  16  7:02  Queen  
  18  7:15  Hatchery, Zergling x4  
  17  7:33  Zergling x4  
  19  7:47  Drone  
  17  7:59  Zergling x2  
  12  8:20  Drone x4  
  16  8:33  Overlord  
  16  8:43  Drone  
  16  8:44  Drone x2  
  19  9:01  Queen  
  21  9:10  Drone x2  
  24  9:31  Drone  
  24  9:32  Drone x4  
  24  9:34  Overlord  
  28  10:03  Extractor, Drone x4  
  31  10:18  Queen x2  
  35  10:36  Overlord x2  
  35  10:54  Queen x2  
  39  11:29  Queen  
  39  11:30  Queen  
  43  11:46  Spine Crawler  
  42  11:51  Spore Crawler  
  42  11:52  Spore Crawler  
  42  11:53  Spore Crawler x2, Drone x6  
  42  11:54  Drone  
  45  12:13  Spore Crawler  
  44  12:16  Queen x2  
  44  12:20  Overlord, Drone  
  49  12:52  Queen x2  
  52  13:05  Overlord x2  
  52  13:06  Drone x4  
  56  13:17  Spine Crawler  
  55  13:24  Spore Crawler  
  54  13:28  Queen x2  
  58  13:41  Drone x3  
  61  13:42  Overlord x2  
  61  14:13  Zergling x2  
  61  14:14  Zergling x8  
  61  14:15  Spine Crawler  
  61  14:16  Spine Crawler  
Tags
 
Matchup
PvZ
Opening
Pool First
Spawn Locations
Cross Positions
Add a new tag
Caveats
  • Supply blocks, unpowered buildings, or Contaminate may cause inaccurate times.
  • Supply counts are checked every 10 seconds.